 Dungeon Crawl Stone Soup version 0.21.1-1-g345015f (webtiles) character file.

22 zishaf the Gusty (level 2, -1/15 HPs)
             Began as a Tengu Air Elementalist on May 24, 2018.
             Slain by a jackal (3 damage)
             ... on level 1 of the Dungeon.
             The game lasted 00:02:40 (912 turns).

zishaf the Gusty (Tengu Air Elementalist)            Turns: 912, Time: 00:02:41

Health: -1/15      AC:  2    Str:  8    XL:     2   Next: 91%
Magic:  1/6        EV: 12    Int: 15    God:
Gold:   31         SH:  0    Dex: 14    Spells: 4/5 levels left

rFire    . . .     SeeInvis .   j - +0 dagger
rCold    . . .     Gourm    .   (no shield)
rNeg     . . .     Faith    .   a - +0 robe
rPois    .         Spirit   .   (helmet restricted)
rElec    .         Reflect  .   (no cloak)
rCorr    .         Harm     .   (no gloves)
MR       .....                  (boots unavailable)
Stlth    ++........             (no amulet)
HPRegen  0.05/turn              e - ring of wizardry
MPRegen  0.10/turn              (no ring)

@: no status effects
A: beak, talons 3
a: no special abilities


You were on level 1 of the Dungeon.
You were hungry.

You visited 1 branch of the dungeon, and saw 2 of its levels.

You collected 31 gold pieces.

Inventory:

Hand Weapons
 j - a +0 dagger (weapon)
Armour
 a - a +0 robe (worn)
Jewellery
 e - a ring of wizardry (left hand)
Scrolls
 d - a scroll of remove curse {unknown}
 f - 2 scrolls of noise {unknown}
 k - a scroll of magic mapping {unknown}
 l - 2 scrolls of teleportation {unknown}
 m - a scroll of enchant weapon {unknown}
Potions
 g - a potion of flight {unknown}
 i - a potion of curing {unknown}
Books
 b - a book of Air

   Spells                             Type                      Level
   a - Shock                          Conjuration/Air              1
   b - Swiftness                      Charms/Air                   2
   c - Static Discharge               Conjuration/Air              3
   d - Airstrike                      Air                          4
   e - Lightning Bolt                 Conjuration/Air              5
Comestibles
 c - 3 rations
 h - 2 chunks of flesh


   Skills:
 - Level 2.1 Dodging
 - Level 2.0 Stealth
 + Level 2.4 Spellcasting
 + Level 2.3 Conjurations
 + Level 4.5 Air Magic


You had 4 spell levels left.
You knew the following spells:

 Your Spells              Type           Power        Failure   Level  Hunger
a - Shock                 Conj/Air       ##..         2%          1    #......


Dungeon Overview and Level Annotations

Branches:
Dungeon (2/15)

Altars:


Innate Abilities, Weirdness & Mutations

You have a beak for a mouth.
You have claws for feet.


Message History

The jackal bites you but does no damage.
The jackal misses you.
The jackal bites you but does no damage.
The jackal closely misses you. The jackal barely misses you.
The jackal misses you. The jackal bites you.
* * * LOW HITPOINT WARNING * * *
Casting: Shock
Confirm with . or Enter, or press ? or * to list all spells.
Aiming: Shock
Press: ? - help, Shift-Dir - straight line, f/p - jackal
Aim: a jackal (heavily wounded)
The zap hits the jackal.
You kill the jackal!
The jackal bites you but does no damage.
There is a stone staircase leading down here.
The jackal closely misses you. The jackal bites you.
You die...

######## #.)....#
#.###.## ######## #.#
#.# ##......####### #.#
#.# .........†...>###.#
#.# ........##...J.h@.#
#.#
........##.##.#######.#
........##.##.........#
########....#.#########
#....##.####.#####.#
##....##.##.........#
.'.......##.#######.#
##....#####.# #.####
########....# #....#


You could see an ooze and a jackal.

Vanquished Creatures
  A leopard gecko (D:1)
  A ball python (D:1)
  A giant cockroach (D:1)
  4 goblins (D:1)
  A hobgoblin (D:1)
  3 jackals (D:1)
  3 bats (D:1)
  2 frilled lizards (D:1)
  3 kobolds
  2 rats (D:1)
21 creatures vanquished.

Notes
Turn   | Place    | Note
-------+----------+-------------------------------------------
     0 | D:1      | zishaf the Tengu Air Elementalist began the quest for the Orb.
     0 | D:1      | Reached XP level 1. HP: 10/10 MP: 4/4
     0 | D:1      | Noticed an elf
     0 | D:1      | Noticed a formicid
     1 | D:1      | Noticed a ghoul
     1 | D:1      | Noticed a formicid
     7 | D:1      | Noticed a naga
    13 | D:1      | Noticed a vine stalker
    13 | D:1      | Noticed an elf
    15 | D:1      | Noticed a troll
    17 | D:1      | Noticed a vampire
    17 | D:1      | Noticed a centaur
    19 | D:1      | Noticed a centaur
    68 | D:1      | You fall through a shaft!
   311 | D:1      | Reached XP level 2. HP: 15/15 MP: 3/6
   912 | D:1      | Slain by a jackal

Skill      XL: |  1  2 |
---------------+-------+-----
Conjurations   | 2 |  2.3
Dodging        | |  2.1
Stealth        | |  2.0
Spellcasting   | |  2.4
Air Magic      | |  4.5

Action                   || total
-------------------------++-------
 Cast: Shock             ||    47
Armor: Robe              ||    10
Dodge: Dodged            ||    30
